Map: Thunderbird LE

Players

IIIIIIIIIIII

  • Race: Zerg Zerg
  • League: Master
  • Spawn Location: 5:00

Mez - Winner!

  • Race: Terran Terran
  • League: Master
  • Spawn Location: 11:00

VOD

Have the link to the VOD?

Description

Time

  • Played on: Aug. 12, 2019, 7:57 a.m.
  • Length: 4:35
Show
View Real Time Build Order
Export as new Build Order

IIIIIIIIIIII Zerg 

Build Orders: Hatch First 

Get SALT Encoding   

  12  0:00  Drone  
  13  0:12  Overlord  
  13  0:17  Drone  
  14  0:30  Drone x2  
  14  0:34  Drone  
  17  0:52  Hatchery  
  17  0:54  Drone  
  18  0:57  Drone  
  18  1:08  Extractor  
  17  1:11  Spawning Pool  
  17  1:14  Drone  
  17  1:18  Drone  
  18  1:27  Drone  
  19  1:38  Overlord  
  19  1:49  Drone  
  20  2:00  Zergling x2, Queen  
  23  2:04  Zergling x2, Queen  
  26  2:11  Drone  
  26  2:12  Metabolic Boost  
  26  2:14  Drone  
  28  2:21  Drone  
  29  2:25  Drone  
  30  2:32  Drone  
  30  2:35  Hatchery  
  29  2:37  Drone  
  29  2:43  Queen  
  32  2:54  Overlord, Drone  
  32  2:55  Drone  
  34  3:01  Drone  
  35  3:08  Overlord  
  35  3:10  Drone  
  35  3:12  Drone x3  
  39  3:18  Drone  
  40  3:22  Queen  
  40  3:25  Queen  
  43  3:30  Drone x3  
  46  3:48  Queen  
  46  3:49  Zergling x2  
  46  3:50  Zergling x10  
  46  3:53  Zergling x6  
  57  3:57  Overlord  
  57  3:58  Baneling Nest  
  57  3:59  Zergling x2  
  57  4:01  Overlord  
  57  4:18  Drone x6  
  57  4:19  Drone  
Show
View Real Time Build Order
Export as new Build Order

Mez Terran - Winner!

Build Orders: Liberator Opening, Reaper Expand 

Get SALT Encoding   

  12  0:00  SCV  
  13  0:12  SCV  
  14  0:17  Supply Depot  
  14  0:25  SCV  
  15  0:38  SCV  
  15  0:40  Barracks  
  16  0:46  Refinery  
  16  0:52  SCV  
  17  1:04  SCV  
  18  1:16  SCV  
  19  1:29  Orbital Command  
  19  1:30  Reaper  
  20  1:41  Command Center  
  20  1:53  Supply Depot  
  20  1:54  SCV  
  21  2:02  Marine  
  22  2:10  SCV  
  23  2:17  Factory  
  23  2:21  Refinery  
  23  2:23  SCV  
  23  2:25  Barracks Reactor  
  24  2:35  SCV  
  25  2:47  SCV  
  26  3:09  Starport  
  26  3:10  SCV  
  26  3:11  Hellion  
  26  3:12  Hellion  
  31  3:16  Orbital Command, Barracks Tech Lab  
  31  3:22  SCV  
  32  3:30  Liberator  
  32  3:33  Hellion x2  
  36  3:34  SCV  
  37  3:46  SCV  
  41  3:51  SCV  
  42  3:56  Hellion x2  
  42  4:00  Supply Depot  
  46  4:04  Supply Depot  
  46  4:21  SCV x2  
  48  4:30  Command Center  
Tags
 
Add a new tag
Caveats
  • Supply blocks, unpowered buildings, or Contaminate may cause inaccurate times.
  • Supply counts are checked every 10 seconds.